 Dungeon Crawl Stone Soup version 0.30.0-30-g96aa6591b8 (webtiles) character file.

Game seed: 668362213090885421

32 Sabo the Trooper (level 3, -2/29 HPs)
             Began as a Demonspawn Monk on June 29, 2023.
             Slain by Natasha (5 damage)
             ... on level 2 of the Dungeon.
             The game lasted 00:06:11 (1087 turns).

Sabo the Trooper (Demonspawn Monk)                  Turns: 1087, Time: 00:06:12

Health: -2/29      AC:  8    Str: 13    XL:     3   Next: 8%
Magic:  3/3        EV:  7    Int: 11    God:
Gold:   64         SH:  0    Dex: 15    Spells: 2/2 levels left

rFire   . . .        a - +0 hand axe
rCold   . . .        d - orb {light}
rNeg    . . .        f - +0 chain mail
rPois   .            (helmet restricted)
rElec   .            (no cloak)
rCorr   .            (no gloves)
SInv    .            (no boots)
Will    .....        (no amulet) Stlth
                     (no ring)
HPRegen 0.24/turn    (no ring)
MPRegen 0.16/turn

%: no passive effects
@: glowing
A: antennae 1, magic regeneration
a: no special abilities


You were on level 2 of the Dungeon.
You visited 1 branch of the dungeon, and saw 2 of its levels.

You collected 64 gold pieces.

Inventory:

Hand Weapons
 a - a +0 hand axe (weapon)
Missiles
 b - 5 boomerangs (quivered)
 i - 4 curare-tipped darts
Armour
 d - an orb of light (worn)
 f - a +0 chain mail (worn)
 k - a +0 plate armour
Jewellery
 l - a +6 ring of intelligence
Scrolls
 e - a scroll of vulnerability {unknown}
 g - a scroll of identify {unknown}
Potions
 h - a potion of might {unknown}


   Skills:
 + Level 3.5 Fighting
 + Level 3.1 Axes
 + Level 0.2 Armour
 + Level 3.0 Dodging


You had 2 spell levels left.
You didn't know any spells.
Your spell library was empty.

Dungeon Overview and Level Annotations

Branches:
Dungeon (2/15)

Altars:

Annotations:
D:2 Natasha, Sigmund


Innate Abilities, Weirdness & Mutations

You have a pair of small antennae on your head.
You regenerate magic rapidly.


Message History

A kobold comes into view. It is wielding a +0 whip.
You bump into the rock wall.
Natasha extends her claws.
Natasha claws you.
You barely miss Natasha.
Sigmund hits you from afar with a +0 scythe.
Natasha claws you but does no damage.
You bump into the rock wall.
Natasha claws you. Sigmund hits you but does no damage.
You hit Natasha but do no damage.
Natasha howls an incantation.
Natasha glows brightly for a moment.
Natasha claws you but does no damage. Sigmund hits you but does no damage.
You closely miss Natasha.
You feel less invigorated. Natasha barely misses you. Natasha claws you.
You bump into the rock wall.
Sigmund hits you but does no damage. Natasha claws you but does no damage.
You barely miss Natasha.
Sigmund hits you from afar with a +0 scythe!
Natasha claws you. The kobold hits you but does no damage.
You miss Natasha. You hit the kobold.
You kill the kobold!
You feel less confused. Natasha claws you but does no damage.
Sigmund hits you but does no damage.
You completely miss Natasha. Natasha claws you but does no damage.
You hit Natasha.
Natasha is lightly wounded.
Sigmund hits you from afar with a +0 scythe!
* * * LOW HITPOINT WARNING * * *
Natasha claws you.
* * * LOW HITPOINT WARNING * * *
You hit Natasha.
Natasha is moderately wounded.
Natasha completely misses you.
Sigmund hits you from afar with a +0 scythe.
* * * LOW HITPOINT WARNING * * *
You hit Natasha.
Natasha is heavily wounded.
Natasha claws you.
You die...

.. #. #.###
#... ..#
..#.####.###
.......<@..#
.##.####h#.#
#.@).#
######


You could see Sigmund (invisible) and Natasha.

Vanquished Creatures
  3 dart slugs (D:1)
  6 endoplasms (D:1)
  3 giant cockroaches (D:1)
  3 goblins (D:1)
  2 quokkas (D:1)
  A ball python (D:1)
  2 kobolds
  3 rats (D:1)
23 creatures vanquished.

Notes
Turn   | Place    | Note
-------+----------+-------------------------------------------
     0 | D:1      | Sabo the Demonspawn Monk began the quest for the Orb.
     0 | D:1      | Reached XP level 1. HP: 18/18 MP: 1/1
   296 | D:1      | Gained mutation: You have a pair of small antennae on your
                  | head. [demonic ancestry]
   296 | D:1      | Reached XP level 2. HP: 23/24 MP: 2/2
   762 | D:1      | Gained mutation: You regenerate magic rapidly. [demonic
                  | ancestry]
   762 | D:1      | Reached XP level 3. HP: 26/29 MP: 3/3
  1066 | D:2      | Noticed Sigmund
  1067 | D:2      | Noticed Natasha
  1087 | D:2      | Slain by Natasha

Illustrated notes

Levels and vault maps discovered:
D:1:      grunt_arrival_crossed_arrows, layout_loops_ring
D:2:      layout_basic, uniq_sigmund, uniq_natasha, uniq_jessica

Skill      XL: |  1  2 |
---------------+-------+-----
Axes           | 3 |  3.1
Dodging        | 3 |  3.0
Fighting       | |  3.5
Armour         | |  0.2

Action                     || total
---------------------------++-------
  Melee: Hand axe          ||    73
    Use: Scroll            ||     1
         Potion            ||     1
 Armour: Chain mail        ||    49
  Dodge: Dodged            ||    16
